 Dungeon Crawl Stone Soup version 0.30-a0-377-g5cb311bc9f (webtiles) character file.

Game seed: 5302502426038300275

50 mopl the Caller (level 3, -3/21 HPs)
             Began as an Octopode Summoner on Nov 28, 2022.
             Slain by a gnoll
             ... wielding a +0 halberd
              (11 damage)
             ... on level 2 of the Dungeon.
             The game lasted 00:01:40 (910 turns).

mopl the Caller (Octopode Summoner)                  Turns: 910, Time: 00:01:42

Health: -3/21      AC:  1    Str:  7    XL:     3   Next: 79%
Magic:  5/7        EV: 13    Int: 19    God:
Gold:   37         SH:  0    Dex: 12    Spells: 2/8 levels left

rFire   . . .      SeeInvis .    e - +1 short sword (elec)
rCold   . . .      Faith    .    (no shield)
rNeg    . . .      Spirit   .    (helmet restricted)
rPois   .          Reflect  .    (no amulet)
rElec   .          Harm     .    (no ring)
rCorr   .          Rampage  .    (no ring)
Will    .....                    (no ring)
Stlth   +++.......               (no ring)
HPRegen 0.23/turn                (no ring)
MPRegen 0.10/turn                (no ring)
                                 (no ring)
                                 (no ring)

@: no status effects
A: almost no armour, amphibious, 8 rings, camouflage 1, gelatinous body 1,
(nimble swimmer 1), tentacles
a: no special abilities


You were on level 2 of the Dungeon.
You visited 1 branch of the dungeon, and saw 2 of its levels.

You collected 37 gold pieces.

Inventory:

Hand Weapons
 e - a +1 short sword of electrocution (weapon)
Scrolls
 f - a scroll of vulnerability {unknown}
 g - a scroll of enchant weapon {unknown}
Potions
 a - a potion of magic
 b - 2 potions of might {unknown}
 c - a potion of resistance {unknown}
 d - a potion of heal wounds {unknown}


   Skills:
 - Level 2.0 Dodging
 - Level 2.6 Stealth
 + Level 3.0 Spellcasting
 + Level 4.7 Summonings


You had 2 spell levels left.
You knew the following spells:

 Your Spells              Type           Power      Damage    Failure   Level
a - Summon Small Mammal   Summ           80%        N/A       2%          1
b - Call Imp              Summ           20%        N/A       3%          2
c - Call Canine Familiar  Summ           20%        N/A       7%          3

Your spell library contained the following spells:

 Spells                   Type           Power      Damage    Failure   Level
 Summon Guardian Golem    Hex/Summ       11%        N/A       17%         3
 Summon Lightning Spire   Summ/Air       11%        N/A       50%         4


Dungeon Overview and Level Annotations

Branches:
Dungeon (2/15)

Altars:


Innate Abilities, Weirdness & Mutations

You cannot wear most types of armour.
You are amphibious.
You can wear up to eight rings at the same time.
Your skin changes colour to match your surroundings (Stealth+).
Your rubbery body absorbs attacks. (AC +1, EV +1)
((You are camouflaged when in or above water. (Stealth+)))
You have tentacles for arms and can constrict up to eight enemies at once.


Message History

HP restored.
You open the door.
There is an open door here.
Found a stone staircase leading down.
A ball python comes into view.
The ball python hisses angrily.
You closely miss the ball python. Your grab misses the ball python.
Your squeeze misses the ball python. The ball python bites you.
The ball python grabs you. The ball python constricts you.
The ball python closely misses you. The ball python constricts you.
You hit the ball python. Your grab misses the ball python.
The ball python is moderately wounded.
The ball python closely misses you. The ball python constricts you.
A ball python is nearby!
You hit the ball python.
You kill the ball python!
No target in view!
g - a scroll labelled AMAAKHL JIPHODD 2 gnolls come into view.
The gnoll moves out of view.
Casting: Call Imp (safe; 3% risk of failure)
Confirm with . or Enter, or press ? or * to list all spells.
The spell is quite dangerous to miscast (7% risk of failure)!
Continue anyway?
Your hound bites the gnoll.
Your hound completely misses the gnoll.
The gnoll hits your hound with a +0 halberd!
Your hound bites the gnoll.
The gnoll barely misses your hound.
Your hound barely misses the gnoll.
Your hound bites the gnoll.
The gnoll hits your hound with a +0 halberd!
Your hound dies!
Your hound's corpse disappears in a puff of smoke!
The gnoll misses you.
You barely miss the gnoll. You grab the gnoll.
The gnoll is heavily wounded.
You constrict the gnoll. The gnoll hits you with a +0 flail!
Ouch! That really hurt!
The gnoll hits you with a +0 halberd!
Ouch! That really hurt!
You die...

.....>...............
..................... .
..................... ...
#####.#.#.#####......
.....#####.#............†.
....g....#.#.#.#####......
....####.#.#.#.# #...... .
#g#.#.#'### #......
#g@.......###'#####
#....#.............
#....#..........†..
#....#..........†..
#.#.##.............
#.#.######......... #.#.#
#......... #.#.#
#......... #....[....


You could see 2 gnolls.

Vanquished Creatures
  An adder (D:2)
  A worm (D:2)
  A dart slug (D:1)
  A bat (D:2)
  3 endoplasms (D:1)
  2 giant cockroaches (D:1)
  3 hobgoblins
  3 kobolds (D:1)
  2 quokkas (D:1)
  3 ball pythons
  A frilled lizard (D:1)
  3 goblins
  3 rats
27 creatures vanquished.

Vanquished Creatures (collateral kills)
  A ball python (D:1)
  A goblin (D:1)
  A hobgoblin (D:1)
  A quokka (D:1)
  A frilled lizard (D:1)
5 creatures vanquished.

Grand Total: 32 creatures vanquished

Notes
Turn   | Place    | Note
-------+----------+-------------------------------------------
     0 | D:1      | mopl the Octopode Summoner began the quest for the Orb.
     0 | D:1      | Reached XP level 1. HP: 11/11 MP: 3/3
   169 | D:1      | Reached XP level 2. HP: 6/17 MP: 5/5
   218 | D:1      | Learned a level 2 spell: Call Imp
   563 | D:1      | Reached XP level 3. HP: 4/21 MP: 3/6
   576 | D:1      | Learned a level 3 spell: Call Canine Familiar
   860 | D:2      | Reached skill level 3 in Spellcasting
   910 | D:2      | Slain by a gnoll

Illustrated notes

Levels and vault maps discovered:
D:1:      dpeg_arrival_snail, layout_basic, minmay_bisected
D:2:      layout_basic

Skill      XL: |  1  2  3 |
---------------+----------+-----
Spellcasting   | 3 |  3.0
Dodging        | |  2.0
Stealth        | |  2.6
Summonings     | |  4.7

Action                   || total
-------------------------++-------
Melee: Unarmed           ||    43
       Tentacles         ||    15
       Constrict         ||    20
       Short sword       ||    35
       Punch             ||     1
 Cast: Call Imp          ||     1
       Call Canine Famil ||     1
 Stab: Sleeping          ||     8
Armor: Skin              ||    10
Dodge: Dodged            ||    50

Table legend: (Time is in decaauts)
 A = Elapsed time spent in this place.
 B = Non-inter-level travel time spent in this place.
 C = Inter-level travel time spent in this place.
 D = Time resting spent in this place.
 E = Time spent auto-exploring this place.
 F = Levels seen in this place.
 G = Mean time per level.
                   A        B        C        D        E       F      G
               +--------+--------+--------+--------+--------+-----+--------+
         Total |    909 |    903 |      6 |    177 |    500 |   2 |  454.5 |
       Dungeon |    909 |    903 |      6 |    177 |    500 |   2 |  454.5 |
               +--------+--------+--------+--------+--------+-----+--------+

Top non-repeatable levels by time:
     D:1: 776 daAuts
     D:2: 132 daAuts
